[Event "42nd Olympiad Baku 2016 Open"]
[Site "Baku"]
[Date "2016.09.06"]
[Round "5.38"]
[White "Kovalyov, Anton"]
[Black "Bruzon Batista, Lazaro"]
[Result "1-0"]
[ECO "A20"]
[WhiteElo "2617"]
[BlackElo "2623"]
[Annotator ""]
[PlyCount "143"]
[EventDate "2016.??.??"]
[EventType "team-tourn"]
[EventCountry "AZE"]
[SourceTitle "playchess.com"]
[Source "ChessBase"]
[WhiteTeam "Canada"]
[BlackTeam "Cuba"]
[WhiteTeamCountry "CAN"]
[BlackTeamCountry "CUB"]
[TimeControl "40/5400+30:1800+30"]

1. c4 {(00:00)} e5 {(00:00)} 2. g3 {(00:00)} Nf6 {(
00:20)} 3. Bg2 {(00:02)} h6 {(00:14)} 4. b3 {(01:35)} Bc5
{(12:10)} 5. Nc3 {(03:21)} Nc6 {(06:50)} 6. e3 {(
10:53)} d5 {(13:53)} 7. Nxd5 {(01:04)} Nxd5 {(00:18)} 8.
cxd5 {(00:29)} Nb4 {(00:16)} 9. d3 {(01:25)} Nxd5 {
(00:34)} 10. Nf3 {(03:31)} Bb4+ {(02:47)} 11. Bd2 {
(00:27)} Bd6 {(00:15)} 12. d4 {(05:47)} e4 {(03:23]
} 13. Ne5 {(01:08)} Nf6 {(00:07)} 14. Qc2 {(04:15)} O-O {
(00:59)} 15. Bc3 {(03:43)} Be6 {(09:22)} 16. Rd1 {(
03:44)} c6 {(04:26)} 17. O-O {(08:41)} Re8 {(11:00)} 18.
Bxe4 {(08:04)} Nxe4 {(00:55)} 19. Qxe4 {(00:08)} f6 {
(03:23)} 20. Qc2 {(02:56)} Qe7 {(05:15)} 21. Nc4 {(
02:43)} Bd5 {(00:26)} 22. Rde1 {(00:35)} Bc7 {(02:20)} 23.
f3 {(02:50)} Qe6 {(03:11)} 24. Nb2 {(02:07)} f5 {(
02:27)} 25. Nd3 {(00:13)} Qg6 {(01:08)} 26. Ne5 {(03:30)}
Qh5 {(02:24)} 27. Qg2 {(02:19)} Rad8 {(01:55)} 28. g4 {
(04:41)} fxg4 {(00:03)} 29. Nxg4 {(00:17)} Rd6 {(
03:17)} 30. e4 {(01:23)} Bf7 {(00:04)} 31. f4 {(00:24)}
Rg6 {(08:04)} 32. h3 {(00:13)} Qh4 {(01:17)} 33. Re2 {
(06:40)} Bb6 {(01:55)} 34. f5 {(01:59)} Rg5 {(01:
16)} 35. Rf4 {(02:25)} Kh8 {(00:42)} 36. Kh2 {(01:44)} Bc7
{(00:28)} 37. e5 {(00:07)} Rh5 {(00:21)} 38. Qg3 {(
00:48)} Qd8 {(00:21)} 39. Rg2 {(00:24)} Rg8 {(00:01)} 40.
Ne3 {(00:00)} Rg5 {(00:00)} 41. Rg4 {(02:36)} Rxg4 {
(02:04)} 42. hxg4 {(00:55)} Qg5 {(04:09)} 43. Bd2 {
(00:55)} Qd8 {(00:04)} 44. Bc3 {(02:40)} Qg5 {(00:
07)} 45. Nc2 {(05:55)} Bd5 {(04:17)} 46. Bd2 {(00:17)} Qd8
{(00:04)} 47. Re2 {(00:24)} Rf8 {(06:56)} 48. Bf4 {
(00:31)} Kg8 {(02:05)} 49. Kh3 {(01:34)} h5 {(01:
48)} 50. e6 {(02:15)} hxg4+ {(07:11)} 51. Qxg4 {(00:23)}
Bxf4 {(00:16)} 52. e7 {(00:47)} Qd6 {(01:35)} 53. Qg6 {
(07:48)} Bf7 {(03:04)} 54. Qxd6 {(00:24)} Bxd6 {(
00:06)} 55. exf8=Q+ {(00:09)} Kxf8 {(00:02)} 56. Kg4 {(00:
37)} Bc7 {(00:39)} 57. Ne3 {(00:24)} Bb6 {(00:32)} 58. Nc4
{(00:23)} Bxc4 {(01:00)} 59. bxc4 {(00:08)} Bxd4 {(
00:17)} 60. Rd2 {(00:17)} c5 {(03:01)} 61. Re2 {(01:48)}
Kf7 {(00:46)} 62. Kf4 {(00:28)} Bf6 {(00:39)} 63. Re1 {
(01:03)} Bc3 {(00:32)} 64. Rb1 {(00:13)} b6 {(00:
09)} 65. Rb3 {(00:08)} Bb4 {(01:08)} 66. Ke5 {(00:36)} Be1
{(00:35)} 67. Ra3 {(00:15)} Ba5 {(00:16)} 68. Rxa5 {
(00:37)} bxa5 {(00:04)} 69. Kd5 {(00:09)} Kf6 {(00:
31)} 70. Kxc5 {(00:12)} Ke5 {(00:57)} 71. a4 {(00:05)}
Kxf5 {(01:42)} 72. Kd6 {(00:12)} 1-0

[Event "42nd Olympiad Baku 2016 Open"]
[Site "Baku"]
[Date "2016.09.06"]
[Round "5.3"]
[White "Kryvoruchko, Yuriy"]
[Black "Yu, Yangyi"]
[Result "1-0"]
[ECO "B90"]
[WhiteElo "2693"]
[BlackElo "2725"]
[Annotator ""]
[PlyCount "85"]
[EventDate "2016.??.??"]
[EventType "team-tourn"]
[EventCountry "AZE"]
[SourceTitle "playchess.com"]
[Source "ChessBase"]
[WhiteTeam "Ukraine"]
[BlackTeam "China"]
[WhiteTeamCountry "UKR"]
[BlackTeamCountry "CHN"]
[TimeControl "40/5400+30:1800+30"]

1. e4 {(00:00)} c5 {(00:00)} 2. Nf3 {(00:00)} d6 {(
00:00)} 3. d4 {(00:00)} cxd4 {(00:00)} 4. Nxd4 {(00:00)}
Nf6 {(00:13)} 5. Nc3 {(00:00)} a6 {(00:10)} 6. f3 {
(00:27)} e5 {(00:37)} 7. Nb3 {(00:11)} Be6 {(00:21]
} 8. Be3 {(00:25)} Nbd7 {(00:34)} 9. Qd2 {(00:12)} Be7 {
(00:48)} 10. g4 {(01:11)} b5 {(00:15)} 11. a4 {(00:
54)} bxa4 {(14:37)} 12. Rxa4 {(00:13)} O-O {(00:06)} 13.
Na5 {(01:31)} Nb8 {(14:16)} 14. g5 {(05:24)} Ne8 {(
07:24)} 15. Nd5 {(14:46)} Bxd5 {(01:25)} 16. exd5 {(00:29]
} Qd7 {(00:39)} 17. b3 {(02:07)} Bd8 {(01:30)} 18. Bd3 {
(05:55)} f5 {(06:04)} 19. f4 {(07:08)} exf4 {(12:
26)} 20. Bxf4 {(00:11)} Qf7 {(00:32)} 21. O-O {(13:03)}
Nd7 {(01:03)} 22. Be3 {(00:33)} Bxa5 {(08:42)} 23. Rxa5 {
(00:59)} Qh5 {(07:32)} 24. Rxa6 {(07:07)} Rxa6 {(
00:40)} 25. Bxa6 {(00:04)} Ne5 {(00:39)} 26. Be2 {(02:19)}
Qg6 {(03:29)} 27. Kh1 {(00:18)} h6 {(00:19)} 28. gxh6 {
(02:33)} Nf6 {(00:48)} 29. Bf4 {(01:41)} Ne4 {(03:
52)} 30. Qd4 {(02:38)} Re8 {(02:25)} 31. Rg1 {(07:20)} Ng4
{(00:28)} 32. Bxg4 {(00:18)} fxg4 {(00:04)} 33. Qxg7+ {
(01:13)} Qxg7 {(00:07)} 34. hxg7 {(00:02)} Rc8 {(
01:31)} 35. Rg2 {(00:36)} Ra8 {(04:05)} 36. Re2 {(01:08)}
Nc3 {(01:37)} 37. Re1 {(00:35)} Nxd5 {(02:54)} 38. Bxd6 {
(00:28)} Rd8 {(04:51)} 39. Be5 {(00:51)} Nb4 {(01:
32)} 40. Bf6 {(00:00)} Rb8 {(00:00)} 41. c3 {(05:18)} Nd5
{(06:20)} 42. Bd4 {(01:02)} Nf4 {(05:55)} 43. Re4 {
(01:00)} 1-0

[Event "42nd Olympiad Baku 2016 Open"]
[Site "Baku"]
[Date "2016.09.06"]
[Round "5.31"]
[White "Kulpruethanon, Thanadon"]
[Black "Lorenzana, Wilson Estuardo"]
[Result "1/2-1/2"]
[ECO "A05"]
[WhiteElo "2235"]
[BlackElo "2239"]
[Annotator ""]
[PlyCount "111"]
[EventDate "2016.??.??"]
[EventType "team-tourn"]
[EventCountry "AZE"]
[SourceTitle "playchess.com"]
[Source "ChessBase"]
[WhiteTeam "Thailand"]
[BlackTeam "Guatemala"]
[WhiteTeamCountry "THA"]
[BlackTeamCountry "GUA"]
[TimeControl "40/5400+30:1800+30"]

1. Nf3 {(00:00)} Nf6 {(00:00)} 2. g3 {(00:00)} d6 {
(00:00)} 3. d4 {(00:00)} g6 {(00:00)} 4. b3 {(00:
05)} Bg7 {(00:22)} 5. Bb2 {(00:06)} O-O {(00:10)} 6. Bg2 {
(00:06)} e5 {(00:59)} 7. dxe5 {(00:09)} Ng4 {(00:
01)} 8. O-O {(00:17)} Nc6 {(00:24)} 9. c4 {(00:26)} Re8 {
(08:01)} 10. Nc3 {(00:52)} Ngxe5 {(00:49)} 11. Nxe5 {
(00:24)} dxe5 {(08:31)} 12. Qc1 {(16:45)} Be6 {(04:
10)} 13. Rd1 {(01:41)} Qc8 {(00:08)} 14. e3 {(07:40)} Bh3
{(07:36)} 15. Nd5 {(04:56)} Bxg2 {(00:30)} 16. Kxg2 {
(00:06)} a5 {(20:40)} 17. a3 {(02:12)} Nd8 {(00:22]
} 18. Qc2 {(01:23)} Ne6 {(00:26)} 19. h4 {(02:07)} Nf8 {
(11:00)} 20. Rd2 {(04:42)} h5 {(06:07)} 21. Rad1 {(
04:00)} b6 {(01:09)} 22. Nc3 {(24:01)} Qb7+ {(00:50)} 23.
Qe4 {(00:05)} c6 {(03:14)} 24. Nb5 {(00:58)} Re7 {(
00:09)} 25. Nd6 {(00:35)} Qc7 {(00:07)} 26. c5 {(08:52)}
bxc5 {(01:48)} 27. Qc4 {(00:42)} Rb8 {(02:46)} 28. Ne4 {
(00:48)} Ne6 {(00:46)} 29. Rd6 {(02:38)} Qb6 {(04:
07)} 30. R1d3 {(06:16)} Qb5 {(01:18)} 31. Qxb5 {(02:58)}
cxb5 {(10:10)} 32. Rc6 {(01:49)} c4 {(02:06)} 33. bxc4 {
(00:48)} bxc4 {(02:06)} 34. Rd2 {(00:07)} Rc7 {(01:
49)} 35. Rxc7 {(00:18)} Nxc7 {(00:05)} 36. Nd6 {(00:14)}
a4 {(02:53)} 37. Nxc4 {(00:08)} f6 {(00:03)} 38. Rd6 {
(06:40)} Ra8 {(01:30)} 39. f4 {(02:08)} exf4 {(00:
57)} 40. gxf4 {(00:00)} Ra6 {(00:00)} 41. Rxa6 {(06:25)}
Nxa6 {(00:50)} 42. Nb6 {(00:20)} Nc5 {(00:12)} 43. Bd4 {
(00:39)} Nd3 {(04:23)} 44. Nxa4 {(00:49)} Ne1+ {(
00:03)} 45. Kf2 {(01:06)} Nc2 {(00:06)} 46. Bb2 {(06:35)}
f5 {(00:35)} 47. Bc1 {(00:37)} Bf8 {(00:16)} 48. Nc3 {
(00:25)} Nxa3 {(00:14)} 49. Bxa3 {(00:22)} Bxa3 {(
00:02)} 50. e4 {(02:16)} Be7 {(00:41)} 51. Kg3 {(00:35)}
Bb4 {(00:09)} 52. Nd5 {(01:28)} Be1+ {(00:32)} 53. Kf3 {
(01:17)} fxe4+ {(00:50)} 54. Kxe4 {(00:07)} Bxh4 {(
00:04)} 55. f5 {(00:17)} gxf5+ {(01:53)} 56. Kxf5 {(00:06]
} 1/2-1/2

[Event "42nd Olympiad Baku 2016 Open"]
[Site "Baku"]
[Date "2016.09.06"]
[Round "5.34"]
[White "Lam, Daniel King-wai"]
[Black "Kreisl, Robert"]
[Result "0-1"]
[ECO "B19"]
[WhiteElo "2169"]
[BlackElo "2448"]
[Annotator ""]
[PlyCount "94"]
[EventDate "2016.??.??"]
[EventType "team-tourn"]
[EventCountry "AZE"]
[SourceTitle "playchess.com"]
[Source "ChessBase"]
[WhiteTeam "Hong Kong"]
[BlackTeam "Austria"]
[WhiteTeamCountry "HKG"]
[BlackTeamCountry "AUT"]
[TimeControl "40/5400+30:1800+30"]

1. e4 {(00:00)} c6 {(00:00)} 2. d4 {(00:00)} d5 {(
00:00)} 3. Nd2 {(00:00)} dxe4 {(00:00)} 4. Nxe4 {(00:00)}
Bf5 {(00:00)} 5. Ng3 {(00:00)} Bg6 {(00:02)} 6. h4 {
(00:00)} h6 {(00:03)} 7. Nf3 {(00:00)} Nd7 {(00:20]
} 8. h5 {(00:02)} Bh7 {(00:04)} 9. Bd3 {(00:05)} Bxd3 {
(00:06)} 10. Qxd3 {(00:03)} e6 {(00:06)} 11. Bf4 {(
00:05)} Ngf6 {(03:56)} 12. O-O-O {(02:14)} Be7 {(01:44)}
13. Kb1 {(02:36)} O-O {(00:51)} 14. Ne4 {(03:01)} Nxe4 {
(03:05)} 15. Qxe4 {(00:10)} Nf6 {(00:04)} 16. Qe2 {
(01:24)} Qd5 {(00:37)} 17. Ne5 {(03:21)} Qe4 {(00:
09)} 18. Qxe4 {(05:13)} Nxe4 {(00:03)} 19. Rhf1 {(06:11)}
Rac8 {(02:22)} 20. f3 {(01:57)} Nf6 {(01:58)} 21. g4 {
(00:34)} b5 {(00:10)} 22. Bc1 {(02:53)} Rfd8 {(05:
57)} 23. f4 {(23:03)} c5 {(11:42)} 24. g5 {(17:50)} Nxh5 {
(05:32)} 25. gxh6 {(05:09)} Rxd4 {(06:39)} 26. Rxd4 {
(07:28)} cxd4 {(01:05)} 27. hxg7 {(00:35)} f6 {(10:
05)} 28. Ng6 {(05:56)} Bc5 {(05:19)} 29. Rh1 {(07:23)}
Kxg7 {(00:23)} 30. Ne5 {(01:32)} fxe5 {(00:11)} 31. Rxh5 {
(00:14)} e4 {(03:44)} 32. Re5 {(00:15)} e3 {(04:23]
} 33. c3 {(01:31)} dxc3 {(00:41)} 34. bxc3 {(00:16)} Kf6 {
(00:42)} 35. Bxe3 {(04:28)} Bxe3 {(00:07)} 36. Rxe3 {
(00:01)} Rc4 {(00:13)} 37. Kb2 {(01:52)} Rxf4 {(00:
16)} 38. Rh3 {(00:35)} e5 {(09:10)} 39. Rh7 {(00:29)} Ra4
{(00:25)} 40. Kb3 {(00:00)} Kf5 {(00:00)} 41. Rf7+ {
(04:13)} Ke4 {(08:45)} 42. c4 {(01:02)} Rxc4 {(00:
17)} 43. Rxa7 {(00:02)} Kd3 {(04:42)} 44. Rb7 {(00:51)} e4
{(05:57)} 45. Rxb5 {(01:16)} Rd4 {(00:15)} 46. a4 {
(02:45)} e3 {(00:19)} 47. Re5 {(00:49)} e2 {(00:09]
} 0-1

[Event "42nd Olympiad Baku 2016 Open"]
[Site "Baku"]
[Date "2016.09.06"]
[Round "5.11"]
[White "Lamawansa, Yasas"]
[Black "Mathews, Cesar"]
[Result "1-0"]
[ECO "E06"]
[WhiteElo "2052"]
[BlackElo "2116"]
[Annotator ""]
[PlyCount "73"]
[EventDate "2016.??.??"]
[EventType "team-tourn"]
[EventCountry "AZE"]
[SourceTitle "playchess.com"]
[Source "ChessBase"]
[WhiteTeam "Sri Lanka"]
[BlackTeam "Panama"]
[WhiteTeamCountry "SRI"]
[BlackTeamCountry "PAN"]
[TimeControl "40/5400+30:1800+30"]

1. d4 {(00:00)} Nf6 {(00:00)} 2. c4 {(00:06)} e6 {(
00:00)} 3. g3 {(00:16)} d5 {(00:04)} 4. Nf3 {(00:15)} Be7
{(00:06)} 5. Bg2 {(00:07)} O-O {(00:06)} 6. O-O {(
00:02)} dxc4 {(00:07)} 7. Ne5 {(06:43)} Nc6 {(00:05)} 8.
Bxc6 {(01:04)} bxc6 {(00:03)} 9. Nxc6 {(00:05)} Qe8 {
(00:02)} 10. Nxe7+ {(00:06)} Qxe7 {(00:04)} 11. Qa4 {
(04:01)} e5 {(00:11)} 12. dxe5 {(05:36)} Qxe5 {(00:
07)} 13. Nc3 {(00:11)} Be6 {(17:53)} 14. Rd1 {(23:09)} Ne4
{(17:38)} 15. Be3 {(16:40)} Rfe8 {(07:08)} 16. Nxe4 {
(05:50)} Qxe4 {(00:12)} 17. Rd4 {(01:16)} Qb7 {(02:
00)} 18. Qa3 {(03:18)} Rab8 {(07:54)} 19. Rd2 {(01:06)} a5
{(09:56)} 20. Qc3 {(01:27)} Qb5 {(07:04)} 21. f3 {(
03:00)} Qh5 {(05:28)} 22. Rad1 {(01:59)} a4 {(05:53)} 23.
Bf4 {(05:04)} f6 {(03:35)} 24. g4 {(03:36)} Qc5+ {(
02:33)} 25. Kg2 {(01:29)} Qc6 {(04:32)} 26. h3 {(01:08)}
Rb5 {(03:53)} 27. Rd8 {(02:55)} Rb8 {(00:41)} 28. Rxe8+ {
(03:38)} Rxe8 {(00:08)} 29. e4 {(00:59)} Rb8 30. Rd2 {
(01:51)} h6 {(04:08)} 31. Qa5 {(03:24)} Ra8 {(01:
34)} 32. Qb4 {(01:25)} a3 {(00:33)} 33. bxa3 {(00:37)} Ra4
{(00:49)} 34. Qe7 {(01:45)} c3 {(01:03)} 35. Bxh6 {
(00:29)} Bf7 {(01:18)} 36. Rd8+ {(00:20)} Kh7 {(00:
24)} 37. Qxf7 {(00:21)} 1-0

[Event "42nd Olympiad Baku 2016 Open"]
[Site "Baku"]
[Date "2016.09.06"]
[Round "5.18"]
[White "Laznicka, Viktor"]
[Black "Lenic, Luka"]
[Result "1/2-1/2"]
[ECO "D45"]
[WhiteElo "2651"]
[BlackElo "2622"]
[Annotator ""]
[PlyCount "99"]
[EventDate "2016.??.??"]
[EventType "team-tourn"]
[EventCountry "AZE"]
[SourceTitle "playchess.com"]
[Source "ChessBase"]
[WhiteTeam "Czech Republic"]
[BlackTeam "Slovenia"]
[WhiteTeamCountry "CZE"]
[BlackTeamCountry "SLO"]
[TimeControl "40/5400+30:1800+30"]

1. d4 {(00:00)} Nf6 {(00:00)} 2. c4 {(00:00)} e6 {(
00:00)} 3. Nf3 {(00:00)} d5 {(00:00)} 4. Nc3 {(00:30)} c6
{(00:00)} 5. e3 {(07:28)} Nbd7 {(00:19)} 6. b3 {(
03:50)} Ne4 {(11:57)} 7. Nxe4 {(00:41)} dxe4 {(00:04)} 8.
Nd2 {(00:05)} f5 {(00:09)} 9. Bb2 {(08:13)} Bd6 {(
10:38)} 10. c5 {(08:57)} Bb8 {(00:23)} 11. Qh5+ {(00:12)}
g6 {(04:20)} 12. Qh6 {(00:47)} Nf6 {(02:17)} 13. f3 {
(00:44)} Qe7 {(04:50)} 14. O-O-O {(10:54)} Bd7 {(
02:24)} 15. Be2 {(01:13)} exf3 {(01:06)} 16. gxf3 {(02:12]
} Nd5 {(04:18)} 17. Nc4 {(22:07)} Bc7 {(08:46)} 18. Kb1 {
(07:38)} O-O-O {(00:10)} 19. Rhe1 {(07:33)} Rhf8 {(
11:38)} 20. Bf1 {(03:30)} Nf6 {(06:50)} 21. Qh4 {(01:53)}
Nd5 {(01:37)} 22. Qf2 {(04:04)} g5 {(01:10)} 23. Qd2 {
(00:48)} Be8 {(02:45)} 24. Ba3 {(00:55)} Bg6 {(01:
47)} 25. Nd6+ {(00:52)} Rxd6 {(07:20)} 26. cxd6 {(00:05)}
Bxd6 {(00:04)} 27. Bxd6 {(00:08)} Qxd6 {(00:05)} 28. e4 {
(04:35)} Nf4 {(11:25)} 29. Qa5 {(00:58)} Kb8 {(00:
50)} 30. Qc5 {(01:19)} Rd8 {(02:28)} 31. Qxd6+ {(00:39)}
Rxd6 {(00:01)} 32. exf5 {(01:30)} exf5 {(00:47)} 33. Rd2 {
(01:22)} Bh5 {(02:35)} 34. Re3 {(00:36)} Nd5 {(00:
32)} 35. Re5 {(00:08)} Bxf3 {(01:37)} 36. Bg2 {(00:18)}
Bh5 {(01:21)} 37. Bxd5 {(00:27)} Rxd5 {(00:25)} 38. Rxd5 {
(00:23)} cxd5 {(00:03)} 39. Rc2 {(01:10)} Bf3 {(00:
53)} 40. Kc1 {(00:00)} h5 {(00:00)} 41. Rf2 {(08:40)} g4 {
(21:30)} 42. Kd2 {(00:22)} Be4 {(00:26)} 43. Ke3 {(
00:51)} Kc7 {(01:05)} 44. Kf4 {(00:28)} h4 {(00:07)} 45.
Rf1 {(09:37)} Kb6 {(08:35)} 46. Rc1 {(01:24)} a5 {(
01:26)} 47. Kg5 {(05:13)} h3 {(01:04)} 48. Kf4 {(00:21)}
Kb5 {(01:10)} 49. a3 {(00:28)} b6 {(00:07)} 50. Rc7
1/2-1/2

[Event "42nd Olympiad Baku 2016 Open"]
[Site "Baku"]
[Date "2016.09.06"]
[Round "5.13"]
[White "Le, Quang Liem"]
[Black "Adams, Michael"]
[Result "1/2-1/2"]
[ECO "D56"]
[WhiteElo "2723"]
[BlackElo "2738"]
[Annotator ""]
[PlyCount "139"]
[EventDate "2016.??.??"]
[EventType "team-tourn"]
[EventCountry "AZE"]
[SourceTitle "playchess.com"]
[Source "ChessBase"]
[WhiteTeam "Vietnam"]
[BlackTeam "England"]
[WhiteTeamCountry "VIE"]
[BlackTeamCountry "ENG"]
[TimeControl "40/5400+30:1800+30"]

1. d4 {(00:00)} Nf6 {(00:00)} 2. c4 {(00:00)} e6 {(
00:00)} 3. Nf3 {(00:05)} d5 {(00:00)} 4. Nc3 {(00:17)} Be7
{(00:00)} 5. Bg5 {(00:55)} h6 {(00:00)} 6. Bh4 {(
00:12)} O-O {(00:30)} 7. e3 {(00:15)} Nbd7 {(01:08)} 8.
Rc1 {(02:36)} c5 {(07:37)} 9. dxc5 {(04:15)} dxc4 {
(10:54)} 10. Bxc4 {(02:12)} Nxc5 {(00:06)} 11. O-O {
(00:16)} Nfe4 {(08:39)} 12. Nxe4 {(11:37)} Nxe4 {(
00:03)} 13. Bxe7 {(00:51)} Qxe7 {(00:07)} 14. Qd4 {(00:11]
} Nf6 {(06:42)} 15. Bb3 {(00:46)} b6 {(09:44)} 16. Qf4 {
(01:24)} Bd7 {(05:30)} 17. Rc7 {(01:18)} Rfc8 {(05:
06)} 18. Rd1 {(05:09)} Rxc7 {(06:19)} 19. Qxc7 {(02:59)}
Qd8 {(00:09)} 20. Qxd8+ {(13:47)} Rxd8 {(00:01)} 21. Ne5 {
(00:15)} Kf8 {(00:10)} 22. Ba4 {(05:08)} Ke8 {(00:
14)} 23. Bc6 {(01:11)} a5 {(07:13)} 24. Kf1 {(02:11)} Bxc6
{(00:18)} 25. Rxd8+ {(00:06)} Kxd8 {(00:02)} 26. Nxc6+ {
(00:12)} Kc7 {(09:57)} 27. Ne5 {(00:17)} Nd5 {(00:
08)} 28. Ke2 {(14:11)} f6 {(00:17)} 29. Nf3 {(00:28)} Kd6
{(03:19)} 30. a3 {(02:58)} f5 {(01:42)} 31. Kd3 {(
03:00)} Nc7 {(08:24)} 32. Nd4 {(02:32)} Kd5 {(01:45)} 33.
f3 {(03:41)} a4 {(02:29)} 34. e4+ {(03:40)} fxe4+ {
(00:16)} 35. fxe4+ {(00:02)} Kc5 {(00:25)} 36. h4 {
(03:21)} h5 {(01:16)} 37. g3 {(00:58)} b5 {(04:41)}
38. Kc3 {(01:29)} Kd6 {(00:12)} 39. Kb4 {(07:51)} Ke5 {
(00:05)} 40. Nxb5 {(00:00)} Nxb5 {(00:00)} 41. Kxb5 {
(00:22)} Kxe4 {(00:06)} 42. Kxa4 {(00:15)} e5 {(00:
20)} 43. b4 {(01:03)} Kf3 {(02:55)} 44. b5 {(04:41)} e4 {
(00:04)} 45. b6 {(00:12)} e3 {(00:03)} 46. b7 {(00:
15)} e2 {(00:01)} 47. b8=Q {(00:14)} e1=Q {(00:08)} 48.
Qf4+ {(08:11)} Kg2 {(00:02)} 49. Kb5 {(00:25)} Qe2+ {
(09:18)} 50. Ka5 {(01:21)} Qe1+ {(00:35)} 51. Kb6 {
(01:47)} Qb1+ {(02:07)} 52. Ka7 {(01:12)} Qh7 {(04:
07)} 53. Kb8 {(02:22)} Qb1+ {(02:38)} 54. Kc8 {(02:21)}
Qc2+ {(00:15)} 55. Kd7 {(00:22)} Qd3+ {(00:36)} 56. Qd6 {
(00:08)} Qb5+ {(01:10)} 57. Ke7 {(00:46)} Qb7+ {(
01:55)} 58. Ke6 {(02:45)} Kh3 {(01:15)} 59. Qd3 {(04:32)}
Qc6+ {(01:44)} 60. Qd6 {(01:59)} Qb7 {(02:10)} 61. Kf5 {
(04:44)} Qf3+ {(03:00)} 62. Kg6 {(00:11)} Qg4+ {(
00:05)} 63. Kf7 {(03:06)} g5 {(00:20)} 64. hxg5 {(01:26)}
Qxg5 {(00:06)} 65. a4 {(00:23)} Qf5+ {(02:08)} 66. Ke7 {
(00:25)} Qh7+ {(01:24)} 67. Kd8 {(01:21)} Qg8+ {(
00:26)} 68. Ke7 {(01:01)} Qh7+ {(01:26)} 69. Kf6 {(01:36)}
h4 {(01:06)} 70. gxh4 {(00:41)} 1/2-1/2

[Event "42nd Olympiad Baku 2016 Open"]
[Site "Baku"]
[Date "2016.09.06"]
[Round "5.13"]
[White "Lee, Jun Hyeok"]
[Black "Joseph, Elton"]
[Result "1-0"]
[ECO "A05"]
[WhiteElo "2238"]
[BlackElo "1842"]
[Annotator ""]
[PlyCount "143"]
[EventDate "2016.??.??"]
[EventType "team-tourn"]
[EventCountry "AZE"]
[SourceTitle "playchess.com"]
[Source "ChessBase"]
[WhiteTeam "Korea"]
[BlackTeam "Bahamas"]
[WhiteTeamCountry "KOR"]
[BlackTeamCountry "BAH"]
[TimeControl "40/5400+30:1800+30"]

1. Nf3 {(00:00)} Nf6 {(00:06)} 2. c4 {(00:00)} e6 {
(04:16)} 3. g3 {(00:00)} b6 {(01:19)} 4. Bg2 {(00:
04)} Bb7 {(00:29)} 5. O-O {(00:06)} Be7 {(02:23)} 6. b3 {
(00:16)} O-O {(00:40)} 7. Bb2 {(00:12)} Nc6 {(04:
48)} 8. Nc3 {(07:31)} h6 {(02:14)} 9. Rc1 {(02:05)} a6 {
(01:49)} 10. d4 {(02:16)} d5 {(04:55)} 11. cxd5 {(
00:32)} exd5 {(02:07)} 12. Ne5 {(01:27)} Qd6 {(03:15)} 13.
e3 {(02:02)} Rab8 {(06:08)} 14. Qe2 {(01:07)} Rfe8 {
(02:22)} 15. Rfd1 {(14:45)} Nd8 {(11:49)} 16. Nb1 {
(06:32)} Ne6 {(05:19)} 17. Ba3 {(04:16)} c5 {(01:
34)} 18. Nd3 {(01:48)} Rec8 {(00:24)} 19. dxc5 {(09:49)}
bxc5 {(01:07)} 20. e4 {(04:40)} Nd4 {(01:54)} 21. Qb2 {
(00:56)} Qb6 {(10:39)} 22. exd5 {(01:18)} Bxd5 {(
03:50)} 23. Bxd5 {(01:20)} Nxd5 {(00:12)} 24. Nxc5 {(00:
30)} Bxc5 {(07:15)} 25. Bxc5 {(09:23)} Rxc5 26. Rxc5 {(00:
05)} Nf3+ {(02:32)} 27. Kg2 {(05:15)} Nh4+ {(06:35)} 28.
gxh4 {(08:16)} Qxc5 {(00:20)} 29. Qd4 {(02:36)} Qxd4 {
(02:03)} 30. Rxd4 {(00:06)} Nb4 {(01:34)} 31. Nc3 {
(00:27)} a5 {(01:29)} 32. Rc4 {(02:12)} Kf8 {(05:
18)} 33. Rc5 {(00:37)} Ra8 {(00:21)} 34. Kf3 {(03:41)} g6
{(00:09)} 35. a4 {(01:24)} Nd3 {(01:52)} 36. Rd5 {(
02:07)} Nc1 {(00:32)} 37. Rb5 {(00:31)} Nd3 {(00:18)} 38.
Ke3 {(00:55)} Nb4 {(00:13)} 39. Nd5 {(01:21)} Nc2+ {
(02:13)} 40. Kd3 {(00:00)} Na3 {(00:00)} 41. Rb7 {(
01:51)} Rd8 {(01:33)} 42. Kd4 {(01:14)} Nc2+ {(01:21)} 43.
Kc5 {(00:44)} Rc8+ {(02:02)} 44. Rc7 {(06:58)} Rd8 {
(04:18)} 45. f4 {(08:45)} Na1 {(03:16)} 46. Rb7 {(
01:39)} Rc8+ {(01:03)} 47. Kd4 {(02:28)} Rc2 {(02:21)} 48.
Rb8+ {(01:08)} Kg7 {(00:11)} 49. b4 {(00:27)} axb4 {
(01:52)} 50. Rxb4 {(03:17)} Ra2 {(01:01)} 51. Kc5 {
(01:12)} Nc2 {(01:08)} 52. Rc4 {(00:35)} Na3 {(02:
03)} 53. Re4 {(00:20)} Rc2+ {(01:32)} 54. Kb4 {(00:56)}
Rd2 {(00:56)} 55. Kxa3 {(03:14)} Rxd5 {(00:08)} 56. Kb4 {
(00:10)} f5 {(00:16)} 57. Rc4 {(00:36)} Kf7 {(03:
49)} 58. a5 {(00:16)} Rd1 {(00:29)} 59. a6 {(00:26)} Ke6 {
(02:52)} 60. Kb5 {(00:55)} Rd8 {(03:34)} 61. a7 {(
00:35)} Kd5 {(00:48)} 62. Ra4 {(00:11)} Ra8 {(00:59)} 63.
Kb6 {(00:04)} Ke6 {(00:31)} 64. Kb7 {(00:08)} Rxa7+ {
(00:23)} 65. Kxa7 {(00:07)} Kf6 {(00:06)} 66. Ra6+ {
(00:08)} Kg7 {(00:06)} 67. Kb7 {(00:06)} Kf7 {(00:
14)} 68. Kc7 {(00:05)} Kg7 {(00:10)} 69. Kd7 {(00:19)} Kf7
{(00:03)} 70. h3 {(00:08)} h5 {(00:06)} 71. Rb6 {(
00:03)} Kg7 {(00:21)} 72. Ke7 1-0